 Dungeon Crawl Stone Soup version 0.21.1-1-g345015f (webtiles) character file.

5149 HammerPanzer the Carver (level 10, -12/124 HPs)
             Began as a Demonspawn Berserker on Apr 5, 2018.
             Was a High Priest of Trog.
             Mangled by a freezing wraith (18 damage)
             ... on level 9 of the Dungeon.
             The game lasted 00:20:41 (7301 turns).

HammerPanzer the Carver (Demonspawn Berserker)      Turns: 7301, Time: 00:20:41

Health: -12/124    AC: 14    Str: 29    XL:     10   Next: 33%
Magic:  10/10      EV:  4    Int:  8    God:    Trog [*****.]
Gold:   445        SH: 13    Dex: 13    Spells: 9/9 levels left

rFire    . . .     SeeInvis +   q - +0 long sword
rCold    . . .     Gourm    .   w - +0 large shield
rNeg     + + .     Faith    .   s - +2 chain mail {MR+}
rPois    .         Spirit   .   (helmet unavailable)
rElec    .         Reflect  .   (no cloak)
rCorr    .         Harm     +   i - +0 pair of gloves
MR       +....                  (no boots)
Stlth    ..........             A - amulet "Jyexoun" {Harm *Drain rN+ SInv Stlth+}
HPRegen  0.30/turn              g - ring of positive energy
MPRegen  0.12/turn              x - +3 ring of strength

@: berserking, slowed
A: horns 3, yellow scales 2, spiny 2
a: Berserk, Trog's Hand, Brothers in Arms, Burn Spellbooks, Renounce Religion


You were on level 9 of the Dungeon.
You worshipped Trog.
Trog was extremely pleased with you.
You were hungry.

You visited 1 branch of the dungeon, and saw 9 of its levels.

You collected 445 gold pieces.

Inventory:

Hand Weapons
 q - a +0 long sword (weapon)
Armour
 i - a +0 pair of gloves (worn)
 m - a +2 chain mail of cold resistance
 s - a +2 chain mail of magic resistance (worn)
 w - a +0 large shield (worn)
Jewellery
 g - a ring of positive energy (left hand)
 j - an uncursed ring of see invisible
 x - a +3 ring of strength (right hand)
 A - the amulet "Jyexoun" (around neck) {Harm *Drain rN+ SInv Stlth+}
   (You found it on level 9 of the Dungeon)

   [amulet of harm]

   It increases damage dealt and taken.
   It protects you from negative energy.
   It lets you see invisible.
   It causes draining when unequipped.
   It makes you more stealthy.
Wands
 b - a wand of disintegration (20)
Scrolls
 d - 2 scrolls of fog
 h - a scroll of fear
 o - a scroll of remove curse
 u - 2 scrolls of identify
 y - a scroll of enchant weapon {unknown}
 D - a scroll of blinking
Potions
 a - a potion of invisibility
 e - a potion of magic {unknown}
 f - 3 potions of cancellation
 k - a potion of might {unknown}
 l - 3 potions of lignification
 n - 3 potions of berserk rage
 p - 3 potions of curing
 r - a potion of ambrosia {unknown}
 v - a potion of agility {unknown}
 B - a potion of resistance {unknown}
Books
 t - a Young Poisoner's Handbook

   Spells                             Type                      Level
   a - Sting                          Conjuration/Poison           1
   b - Poisonous Vapours              Poison/Air                   2
   c - Mephitic Cloud                 Conjuration/Poison/Air       3
   d - Olgreb's Toxic Radiance        Poison                       4
   e - Venom Bolt                     Conjuration/Poison           5
   Trog disapproves of the use of such an item.
Miscellaneous
 z - a sack of spiders
Comestibles
 c - 20 rations
 C - 2 chunks of flesh


   Skills:
 + Level 9.4 Fighting
 * Level 11.6 Long Blades
 - Level 1.7 Armour
 - Level 1.7 Dodging


You had 9 spell levels left.
You didn't know any spells.

Dungeon Overview and Level Annotations

Branches:
Dungeon (9/15)             Temple (0/1) D:5
   Lair: D:8-11         Orc: D:9-12

Altars:
Fedhas
Gozag
Kikubaaqudgha
Nemelex Xobeh
Qazlal
Sif Muna
Trog
Wu Jian

Shops:
D:7 =


Innate Abilities, Weirdness & Mutations

You have a pair of large horns on your head.
You are mostly covered in yellow scales. (AC +3)
You are mostly covered in sharp spines.


Message History

You block the freezing wraith's attack.
You hit the freezing wraith.
The freezing wraith is lightly damaged.
The freezing wraith hits you! The freezing wraith freezes you!!
The freezing wraith hits you!
* * * LOW HITPOINT WARNING * * *
You slash the freezing wraith! You headbutt the freezing wraith.
The freezing wraith is almost destroyed.
You block the freezing wraith's attack. The freezing wraith hits you!
* * * LOW HITPOINT WARNING * * *
The freezing wraith drains your vigour!
You feel yourself slow down.
A red film seems to cover your vision as you go berserk!
You feel yourself moving faster!
You feel mighty!
You are feeling hungry.
You block the freezing wraith's attack. The freezing wraith hits you.
* * * LOW HITPOINT WARNING * * *
The freezing wraith hits you.
* * * LOW HITPOINT WARNING * * *
The freezing wraith freezes you!
You die... .#####.##### ##.#### ####.#####. .# #.....# .#.# ##.#.#.#.##. .##.......# ###. #.........#. .#...#.#.(.# ##.##.###.#.#.#.##. .#..##.##..# ##)=[##.#.........#. .... .#. ...# .::[. #.#.#.#.#.#). .#. # # .#.# |e=

#.#.........#^ .#.
.##.##W##.###.#.#.#.##.
#.#@#.# #.........#.
#.#.# ##.#.#.#.##.
#####.#########.#####.
#......##.#...........
#####...#.#.##.......#
##..##..#.#.##.......#
#....#.##.#.##.......#
#.##....##.......#
#.#.)..#.##.......#


You could see a deep elf archer and a freezing wraith.

Vanquished Creatures
  A deep elf mage (D:9)
  Maurice (D:8)
  2 kobold demonologists (D:9)
  The ghost of Shinoi the Cudgeler, an amateur VSFi (D:3)
  2 water moccasins (D:7)
  A black bear (D:7)
  A hornet zombie (D:8)
  3 sky beasts
  2 ice beasts
  3 ogres
  A phantom (D:9)
  2 centaurs
  A crocodile (D:9)
  2 big kobolds
  5 bullfrogs
  Blork the orc (D:4)
  A gnoll sergeant (D:7)
  A wyvern zombie (D:9)
  3 scorpions
  4 wights (D:7)
  A howler monkey (D:4)
  A centaur zombie (D:6)
  4 crimson imps
  6 jellies
  3 bullfrog skeletons
  3 hounds
  2 orc priests (D:9)
  A quasit (D:9)
  A centaur skeleton (D:5)
  2 iguanas
  Terence (D:2)
  Natasha (twice) (D:4)
  3 orc wizards
  5 worker ants
  2 hound zombies (D:8)
  3 hound skeletons
  11 adders
  11 gnolls
  2 shadow imps (D:5)
  5 oozes (D:8)
  An adder zombie (D:7)
  5 worms
  3 dart slugs
  3 leopard geckos
  17 orcs
  4 bats
  5 giant cockroaches
  2 hobgoblins
  21 jackals
  2 quokkas
  2 ball pythons
  4 frilled lizards
  10 goblins
  8 kobolds
  A leopard gecko skeleton (D:9)
  3 rats
198 creatures vanquished.

Vanquished Creatures (others)
  A bullfrog zombie (D:5)
1 creature vanquished.

Grand Total: 199 creatures vanquished

Notes
Turn   | Place    | Note
-------+----------+-------------------------------------------
     0 | D:1      | HammerPanzer the Demonspawn Berserker began the quest for the Orb.
     0 | D:1      | Reached XP level 1. HP: 18/18 MP: 1/1
   128 | D:1      | Reached skill level 3 in Long Blades
   138 | D:1      | Gained mutation: You are partially covered in yellow scales. (AC +2) [demonic ancestry]
   138 | D:1      | Reached XP level 2. HP: 11/24 MP: 2/2
   761 | D:2      | Gained mutation: You have a pair of small horns on your head. [demonic ancestry]
   761 | D:2      | Reached XP level 3. HP: 28/29 MP: 3/3
   811 | D:2      | Reached ** piety under Trog
   937 | D:2      | Reached skill level 4 in Long Blades
   937 | D:2      | Reached XP level 4. HP: 35/37 MP: 4/4
   957 | D:2      | Found a deep blue altar of Sif Muna.
  1300 | D:2      | Noticed Terence
  1310 | D:2      | Killed Terence
  1310 | D:2      | Gained mutation: You have a pair of horns on your head. [demonic ancestry]
  1310 | D:2      | Reached XP level 5. HP: 42/42 MP: 5/5
  1745 | D:3      | Noticed Shinoi's ghost (amateur VSFi)
  1758 | D:3      | Killed Shinoi's ghost
  1758 | D:3      | Reached skill level 5 in Long Blades
  1758 | D:3      | Reached XP level 6. HP: 49/49 MP: 6/6
  2048 | D:3      | Found an ornate altar of the Wu Jian Council.
  2050 | D:3      | Found a stormy altar of Qazlal.
  2208 | D:3      | Reached *** piety under Trog
  2444 | D:4      | Reached skill level 5 in Fighting
  2738 | D:4      | Reached skill level 6 in Long Blades
  2778 | D:4      | Noticed Blork the orc
  2788 | D:4      | Killed Blork the orc
  2788 | D:4      | Gained mutation: You are partially covered in sharp spines. [demonic ancestry]
  2788 | D:4      | Reached XP level 7. HP: 56/56 MP: 7/7
  2918 | D:4      | Noticed Natasha
  2923 | D:4      | Killed Natasha
  3064 | D:4      | Noticed Natasha
  3072 | D:4      | Killed Natasha
  3089 | D:5      | Entered Level 5 of the Dungeon
  3168 | D:5      | Reached skill level 7 in Long Blades
  3247 | D:5      | Found an opulent altar of Gozag.
  3477 | D:5      | Reached **** piety under Trog
  3632 | D:5      | Gained mutation: You are mostly covered in sharp spines. [demonic ancestry]
  3632 | D:5      | Reached XP level 8. HP: 64/64 MP: 8/8
  3638 | D:5      | Found a bloodstained altar of Trog.
  3696 | D:5      | Found a staircase to the Ecumenical Temple.
  3916 | D:6      | Reached skill level 8 in Long Blades
  4707 | D:6      | Found a sparkling altar of Nemelex Xobeh.
  4967 | D:7      | Reached skill level 9 in Long Blades
  5063 | D:7      | Gained mutation: You have a pair of large horns on your head. [demonic ancestry]
  5063 | D:7      | Reached XP level 9. HP: 62/72 MP: 9/9
  5365 | D:7      | Found Cunt's Jewellery Emporium.
  5610 | D:7      | Reached skill level 10 in Long Blades
  5633 | D:7      | Found a blossoming altar of Fedhas.
  6004 | D:8      | Found an ancient bone altar of Kikubaaqudgha.
  6214 | D:8      | Noticed Maurice
  6229 | D:8      | Killed Maurice
  6968 | D:9      | Noticed a kobold demonologist
  6969 | D:9      | Noticed a deep elf mage
  6972 | D:9      | Noticed a kobold demonologist
  6975 | D:9      | Killed a kobold demonologist
  6975 | D:9      | Reached skill level 11 in Long Blades
  6980 | D:9      | Killed a deep elf mage
  6980 | D:9      | Gained mutation: You are mostly covered in yellow scales. (AC +3) [demonic ancestry]
  6980 | D:9      | Reached XP level 10. HP: 83/83 MP: 10/10
  6995 | D:9      | Got a serpentine diamond amulet
  6996 | D:9      | Identified the amulet "Jyexoun" {Harm *Drain rN+ SInv Stlth+} (You found it on level 9 of the Dungeon)
  7036 | D:9      | Reached ***** piety under Trog
  7295 | D:9      | Noticed a deep elf archer
  7301 | D:9      | HP: 6/124 [freezing wraith (7)]
  7301 | D:9      | Mangled by a freezing wraith

Skill      XL: |  1  2  3  4  5  6  7  8  9 |
---------------+----------------------------+-----
Long Blades    | 3 4 5 6 7 9 11 | 11.6
Fighting       | 4 5 6 7 9 |  9.4
Armour         | |  1.7
Dodging        | |  1.7

Action                   |  1- 3 |  4- 6 |  7- 9 | 10-12 || total
-------------------------+-------+-------+-------+-------++-------
Melee: Falchion          |   104 |   169 |   189 |       ||   462
       Headbutt          |    11 |    34 |    69 |    11 ||   125
       Long sword        |       |       |   103 |    54 ||   157
Invok: Berserk           |       |     5 |     6 |     1 ||    12
  Use: Scroll            |     1 |     2 |    13 |       ||    16
  Eat: Chunk             |       |    10 |    15 |       ||    25
       Ration            |       |       |     1 |     1 ||     2
Armor: Leather armour    |    27 |       |       |       ||    27
       Animal skin       |     1 |       |       |       ||     1
       Chain mail        |    21 |    96 |   143 |    24 ||   284
Dodge: Dodged            |    40 |    77 |    68 |     9 ||   194
Block: Large shield      |       |       |    36 |    30 ||    66
       Shield            |       |       |    13 |       ||    13
       Rpst.: Falchion   |    15 |    27 |    20 |       ||    62
       Long sword        |       |       |       |     3 ||     3
